[Event "4th Tata Steel India Blitz Women 2022"]
[Site "Kolkota"]
[Date "2022.12.04"]
[Round "11.1"]
[White "Kiolbasa, Oliwia"]
[Black "Harika, Dronavalli"]
[Result "0-1"]
[ECO "B07"]
[WhiteElo "2406"]
[BlackElo "2507"]
[Annotator "TA"]
[PlyCount "74"]
[EventDate "2022.11.29"]
[EventType "tourn"]
[EventCountry "IND"]
[SourceTitle "playchess.com"]
[Source "ChessBase"]
[SourceQuality "1"]
[TimeControl "180+2"]

1. e4 Nc6 2. Nf3 d6 3. d4 Nf6 4. Bd3 g6 5. O-O Bg7 6. c3 O-O 7. Re1 e5 8. h3 Re8 9. Nbd2 Nh5 {[%emt 0:00:09][%cal Re5d4] 9...d5 is more fashionable. B07: Pirc Defence: Miscellaneous Systems.} 10. d5 Ne7 11. Nf1 Rf8 {[%emt 0:00:03] [#] White has an edge.} 12. c4 $146 ({Predecessor:} 12. g4 Nf6 13. Ng3 Nd7 14. c4 Nc5 15. Bc2 a5 16. Be3 b6 17. Kh2 f5 18. exf5 gxf5 19. Bxc5 bxc5 20. gxf5 Nxf5 21. Nxf5 Bxf5 22. Bxf5 Rxf5 {0-1 (30) Fishbein,A (2428)-Sanal,V (2593) Chess.com INT 2022}) 12... h6 13. b4 Nf4 14. Bxf4 exf4 15. Rc1 a5 16. b5 Re8 17. c5 g5 18. b6 cxb6 (18... c6 $11 {keeps the balance.}) 19. cxd6 $16 Qxd6 20. Qb3 ({White should play} 20. N1d2 $16) 20... a4 21. Qc2 (21. Qb1 $14) 21... Bd7 22. N1d2 {[%emt 0:00:01] [#] And now Nc4 would win.} b5 {[%emt 0:00:11] Prevents Nc4.} 23. e5 (23. Qb1 $14) 23... Qxd5 $15 24. Be4 (24. Qb1 $15) 24... Qe6 $17 25. Nd4 (25. Qb1 $17) 25... Qb6 $19 ({Don't do} 25... Qxe5 26. Bh7+ (26. Bxb7 $2 {too greedy.} Qxd4 27. Bxa8 Rc8 $19) 26... Kh8 27. Rxe5 Bxe5 28. Qd3 $18) 26. N2f3 Rac8 27. Qd2 Be6 (27... Rxc1 $19 28. Rxc1 Rd8) 28. Bb1 {[%emt 0:00:01] White does not recover from this.} (28. Nxe6 $15 Rxc1 29. Rxc1 Qxe6 30. Bxb7) 28... Rxc1 29. Rxc1 Rd8 {[%emt 0:00:03] [#] White must now prevent ...Nc6.} 30. Qc2 (30. Qb2) 30... Rxd4 31. Nxd4 Qxd4 32. Qh7+ (32. Rd1 $142 Qb6 33. Qh7+ Kf8 34. h4) 32... Kf8 33. Rc7 f3 {[%emt 0:00:17] ( -> ...Qd1+)} 34. Rxe7 Qd1+ {[%emt 0:00:02] Black mates.} 35. Kh2 Bxe5+ 36. g3 Kxe7 37. Qxh6 Qd2 {[%emt 0:00:01] Weighted Error Value: White=0.99/Black=0.54} 0-1

[Event "4th Tata Steel India Blitz Women 2022"]
[Site "Kolkota"]
[Date "2022.12.04"]
[Round "11.2"]
[White "Muzychuk, Mariya"]
[Black "Muzychuk, Anna"]
[Result "1/2-1/2"]
[ECO "C55"]
[WhiteElo "2528"]
[BlackElo "2525"]
[Annotator "TA"]
[PlyCount "31"]
[EventDate "2022.11.29"]
[EventType "tourn"]
[EventCountry "IND"]
[SourceTitle "playchess.com"]
[Source "ChessBase"]
[SourceQuality "1"]
[TimeControl "180+2"]

1. e4 e5 2. Nf3 Nc6 3. Bc4 Nf6 4. d3 Be7 5. O-O O-O 6. Re1 d6 7. a4 Na5 {[%emt 0:00:05] 7...h6 is the recent fashion.} 8. Ba2 {[%emt 0:00:01] C55: Two Knights: 4 d3, 4 d4 exd4 5 e5 and Max Lange Attack.} c5 9. c3 Nc6 10. h3 h6 11. Nbd2 a6 12. Nf1 Be6 13. Ne3 b5 {[%emt 0:00:35] [#]} (13... Bxa2 $11 {remains equal.} 14. Rxa2 Re8) 14. Bd2 {[%emt 0:00:08] [#]} (14. Bxe6 $1 $16 fxe6 15. axb5 axb5 16. Rxa8 Qxa8 17. Qb3) 14... Bxa2 $146 ({Predecessor:} 14... b4 15. Nd5 bxc3 16. bxc3 Rb8 17. Bc4 Bxd5 18. exd5 Na5 19. Bxa6 Nxd5 20. Bb5 Qc7 {1-0 (75) Demchenko,A (2641)-Postny,E (2600) Chess.com INT 2020}) 15. Rxa2 Qd7 16. Nf5 {[%emt 0:00:18] Weighted Error Value: White=0.18 (very precise) /Black=0.14 (very precise)} 1/2-1/2

[Event "4th Tata Steel India Blitz Women 2022"]
[Site "Kolkota"]
[Date "2022.12.04"]
[Round "11.3"]
[White "Savitha Shri B"]
[Black "Kulkarni Bhakti"]
[Result "1-0"]
[ECO "C41"]
[WhiteElo "2411"]
[BlackElo "2359"]
[Annotator "TA"]
[PlyCount "81"]
[EventDate "2022.11.29"]
[EventType "tourn"]
[EventCountry "IND"]
[SourceTitle "playchess.com"]
[Source "ChessBase"]
[SourceQuality "1"]
[TimeControl "180+2"]

1. e4 d6 2. d4 Nf6 3. Nc3 e5 4. Nf3 Nbd7 5. Bg5 Be7 6. Qd2 O-O 7. O-O-O c6 8. dxe5 {[%emt 0:00:33] C41: Philidor Defence.} dxe5 9. h4 Qc7 {[%emt 0:00:16] [#]} 10. Qe1 $146 {[%emt 0:00:14] Black is better.} ({Predecessor:} 10. Ne1 Nc5 11. f3 Rd8 12. Qf2 Rxd1+ 13. Nxd1 Qa5 14. a3 Be6 15. Bd2 Qc7 16. g4 Nfxe4 17. fxe4 Nxe4 {1-0 (22) Medveski,M (1842)-Meijer,W (1912) IECG email 2001}) 10... Bb4 11. Bd3 Re8 12. h5 (12. a3 $142 Be7 13. Nd2) 12... h6 $17 13. Be3 Nc5 14. Bxc5 Bxc5 15. Na4 (15. Nh4 {was called for.}) 15... Bf8 $19 16. Nc3 b5 17. Nh4 Bb4 (17... Nxh5 18. Nf5 Nf4 19. Kb1) (17... a5 $19 {is more deadly.} 18. f3 a4) 18. f3 Be6 (18... Nxh5 19. Bxb5 Be6 20. Bd3 $17) 19. g4 Nh7 ({Better is} 19... Ba5 $19 {White must now prevent ...b4.} 20. Kb1 Rad8) 20. Nf5 (20. Nd5 $142 cxd5 21. Qxb4) 20... Bxa2 21. Qe3 $2 {[%emt 0:00:06] Against a5} (21. Nd5 $17 Bxd5 22. Qxb4) 21... Be6 22. Rhg1 Ng5 23. Be2 (23. Rgf1 $142) 23... Qa5 24. Rd3 Bc4 {[%emt 0:00:11] [#] And now ...Qa1+ would win.} 25. Rd7 Bxe2 26. Qxe2 Qa1+ (26... Bxc3 $142 27. bxc3 Qa1+ 28. Kd2 Qxg1) 27. Nb1 Rad8 (27... a5 $142 28. c3 Bf8) 28. Rgd1 Ne6 (28... Rxd7 $19 29. Rxd7 a5) 29. Rxd8 $1 $11 {[%emt 0:00:02] Chess con chili.} Rxd8 30. Rxd8+ Nxd8 31. Qd3 Ne6 {[%emt 0:00:06] [#] Hoping for ...Nf4.} 32. Qd7 Qa6 33. Qe8+ Nf8 $2 (33... Bf8 $11) 34. Qxe5 $2 ({Only move:} 34. c3 $18 Bc5 35. b4 (35. Qxe5 Ne6 $11)) 34... Ne6 35. Qb8+ Kh7 (35... Bf8 $5 ) 36. Qe8 {[%emt 0:00:03][%cal Oc2c3] Threatens to win with c3!} Bc5 {[%emt 0:00:02] Against c3} ({Less strong is} 36... Qb6 37. c3 $16) (36... Qb7 $1 $14) 37. Qxf7 $40 {[%emt 0:00:02][%mdl 128] White is out for blood. White has more active pieces.} Qa5 $2 (37... b4 $16 38. Qg6+ (38. Qxe6 Qf1+ 39. Kd2 Qf2+ 40. Kd3 Qf1+ 41. Kd2 Qf2+ 42. Kd3 Qf1+ 43. Kd2 $11) 38... Kh8) 38. c3 $18 (38. Qxe6 $2 Qe1#) 38... b4 39. Qxe6 {[%emt 0:00:01] Intending Qg6+ and mate.} bxc3 40. Qg6+ Kg8 41. Qxg7# {[%emt 0:00:01] White used his chance.   Weighted Error Value: White=0.82/Black=0.98} 1-0

[Event "4th Tata Steel India Blitz Women 2022"]
[Site "Kolkota"]
[Date "2022.12.04"]
[Round "11.4"]
[White "Vaishali, Rameshbabu"]
[Black "Dzagnidze, Nana"]
[Result "1-0"]
[ECO "A11"]
[WhiteElo "2454"]
[BlackElo "2517"]
[Annotator "TA"]
[PlyCount "147"]
[EventDate "2022.11.29"]
[EventType "tourn"]
[EventCountry "IND"]
[SourceTitle "playchess.com"]
[Source "ChessBase"]
[SourceQuality "1"]
[TimeControl "180+2"]

1. Nf3 Nf6 2. g3 d5 3. Bg2 c6 4. O-O Bg4 5. c4 e6 6. d3 Nbd7 {[%emt 0:00:08] 6...Nbd7 has become a bit dusty these days.} 7. Qb3 {[%emt 0:00:14] A11: English Opening: 1...c6.} Qb6 8. Be3 Qxb3 9. axb3 {[%emt 0:00:02] The position is equal.} a6 10. h3 Bh5 {[%emt 0:00:07] [#]} 11. g4 $146 ({Predecessor:} 11. Bd2 Bd6 12. Bc3 O-O 13. g4 Bg6 14. Nh4 Rfe8 15. Nd2 Rac8 16. b4 dxc4 17. dxc4 {½-½ (76) Perez Bolanos,J (2062)-Rodriguez Bittar,K (1881) Santa Cruz de La Palma 2022}) 11... Bg6 12. Nh4 Be7 13. Nxg6 hxg6 14. f4 Bc5 15. Bxc5 Nxc5 16. Nd2 Ke7 17. b4 Ncd7 18. Nb3 Rac8 19. Rfc1 Nb6 20. Kf2 Rhd8 21. Rc2 dxc4 22. dxc4 Rc7 23. Nc5 (23. e3 $14) 23... Nc8 (23... Rd4 $5 24. b3 Rxf4+ 25. Ke3 e5 $11) 24. e3 Nd7 25. Nb3 Nd6 26. Ke2 Nf6 (26... f6 $11) 27. Nc5 (27. Rd1 $16) 27... Nd7 $11 28. Nd3 c5 29. bxc5 Nxc5 30. Nxc5 (30. Ne5 $14) 30... Rxc5 31. Rac1 a5 32. b3 b6 33. Rd2 f6 (33... b5 $5 ) 34. Rcd1 g5 35. Bf3 Rcc8 36. Rd4 Nf7 37. Bb7 (37. Rxd8 {simplifies} Rxd8 38. Rxd8 Kxd8 39. Be4) 37... Rb8 (37... Rxd4 {simplifies} 38. Rxd4 Rc5 39. fxg5 fxg5 40. Bg2 Rc8) 38. Bc6 (38. Rxd8 {simplifies} Rxd8 39. Rxd8 Nxd8 40. Be4) 38... gxf4 (38... Rxd4 {simplifies} 39. Rxd4 Nd6 40. Bg2 Rc8) 39. Rd7+ (39. exf4 {simplifies} Rxd4 40. Rxd4 Nd6 41. Bg2) 39... Kf8 40. exf4 Rbc8 {[%emt 0:00:02] Prevents h4.} 41. Bb5 Rb8 42. Ke3 (42. h4 {simplifies} Rxd7 43. Rxd7 Nd8 44. Ba6) 42... g5 43. R1d2 Kg7 44. fxg5 fxg5 45. Ra7 {[%emt 0:00:02] Hoping for Rf2.} Rxd2 46. Kxd2 {[%emt 0:00:01][%mdl 4096] Endgame KRB-KRN} Rd8+ 47. Ke3 Kf6 48. Rb7 (48. c5 $11 bxc5 49. Rxa5) 48... Rd6 (48... Ne5 $1 $15 49. Rxb6 Rd3+ 50. Ke4 Rxh3) 49. Rb8 Ne5 50. Rf8+ Ke7 51. Re8+ Kf7 52. Rb8 Ng6 53. Ke4 Kf6 $1 54. Rb7 {[%emt 0:00:02] Strongly threatening Be8.} Ne7 (54... Nf4 $11 55. Rb8 Nxh3 56. Rf8+ Ke7 57. Re8+ Kf6 58. Rf8+ Kg7) 55. Rc7 (55. h4 $16 {And now hxg5+ would win.} Ng6 56. hxg5+ (56. h5 Ne5 $11) 56... Kxg5 57. Be8) 55... Ng6 $2 (55... Rd8 $11 {and Black is okay.}) 56. Be8 $1 $18 Ne7 57. Rb7 $2 (57. h4 $1 $16 {[%cal Rh4g5] Black must now prevent hxg5+.} gxh4 58. g5+ Kxg5 59. Rxe7) 57... e5 (57... Rd8 $11 58. Bh5 Rd6) 58. Bb5 {[%emt 0:00:02] White is more active.} (58. Ke3 $16) 58... Rd4+ ({Better is} 58... Ng6 $1 $11) 59. Ke3 $14 Rd6 60. Ke4 (60. Ra7 $14) 60... Rd4+ $11 61. Ke3 (61. Kf3 $11 Rd6 62. Ke3) 61... Rd6 $14 62. Be8 Ke6 63. Bb5 ({White should play} 63. Rb8 $14) 63... Ng6 $2 {[%emt 0:00:05][%mdl 8192] [#]} (63... Kf6 $11) 64. Rh7 $2 ({Only move:} 64. c5 $1 $18 {Bc4+ would kill now.} Rd4 65. Bc4+ (65. cxb6 Rb4 $18) 65... Rxc4 66. Rxb6+ Kd7 67. bxc4) 64... Kf6 $11 65. Ke4 Rd4+ 66. Ke3 Nf4 67. Rh6+ Ke7 $1 68. Rxb6 Nxh3 69. c5 Rb4 $2 {[%emt 0:00:01][%mdl 8192] A mistake that costs the game.} (69... Nf4 $1 $11 70. Rb7+ Kd8) 70. Rb7+ $18 Kd8 {[%emt 0:00:03][%cal Oh3f4] [#]} 71. c6 $1 {[%emt 0:00:02] White wants to mate with Rd7+.} Nf4 $2 (71... Kc8 $18 72. Bf1 Nf4) 72. Rd7+ {[%emt 0:00:02] White mates.} Ke8 73. c7 Rxb5 74. c8=Q# {Weighted Error Value: White=0.19 (very precise) /Black=0.23 (precise)} 1-0

[Event "4th Tata Steel India Blitz Women 2022"]
[Site "Kolkota"]
[Date "2022.12.04"]
[Round "11.5"]
[White "Ushenina, Anna"]
[Black "Koneru, Humpy"]
[Result "1/2-1/2"]
[ECO "D35"]
[WhiteElo "2454"]
[BlackElo "2574"]
[Annotator "TA"]
[PlyCount "62"]
[EventDate "2022.11.29"]
[EventType "tourn"]
[EventCountry "IND"]
[SourceTitle "playchess.com"]
[Source "ChessBase"]
[SourceQuality "1"]
[TimeControl "180+2"]

1. d4 Nf6 2. c4 e6 3. Nf3 d5 4. Nc3 Nbd7 5. cxd5 exd5 6. Bf4 Bb4 7. Qc2 {[%emt 0:00:04] D35: Queen's Gambit Declined: Exchange Variation.} O-O 8. e3 c5 9. Bd3 {[%emt 0:00:16] White has an edge.} c4 10. Bf5 {[%emt 0:00:12] [#]} (10. Be2 $11 {was preferrable.}) 10... g6 $146 ({Predecessor:} 10... Nb6 11. O-O Bxf5 12. Qxf5 Bxc3 13. bxc3 Ne4 14. Rfc1 Qd7 15. Qh5 Na4 16. Ng5 Nf6 {1-0 (74) Leenhouts,K (2424)-Fawzy,A (2478) Chess.com INT 2019}) 11. Bh3 Ne4 12. Bh6 {[%emt 0:00:21] Inhibits g5.} Re8 13. O-O Bxc3 14. bxc3 g5 $1 {[%emt 0:00:09] [#] Strongly threatening ...Qf6.} 15. Bxd7 $1 Bxd7 16. Ne5 Bf5 {[%emt 0:00:26] Hoping for ...Qf6.} (16... f6 {simplifies} 17. Nxd7 Qxd7 18. f3 Nd6) 17. f3 {[%emt 0:00:02] [#]} ({White should try} 17. Qc1 $1 $15 f6 18. f3) 17... Ng3 $1 $17 18. e4 Nxf1 19. Rxf1 Bg6 (19... Qf6 $1 $17 {And now ...Be6 would win.} 20. Bf8 Bc8) 20. Qd2 (20. Qc1 $14 {stays ahead.}) 20... f6 (20... dxe4 $17 {White must now prevent ...Rxe5.} 21. f4 f6 22. Nxc4 Rc8) 21. Ng4 $14 {[%emt 0:00:08] aiming for e5.} Bh5 {[%emt 0:00:04] Threatens to win with ...Bxg4.} ({Less strong is} 21... dxe4 22. fxe4 Re6 23. e5 fxe5 24. Bxg5 $16) 22. e5 Bxg4 23. fxg4 fxe5 ({Black should play} 23... Re6 $1 $14) 24. Bxg5 $18 Qd7 25. Bf6 {[%emt 0:00:09] White threatens Qg5+ and mate.} Qxg4 26. Rf3 Qe4 $2 (26... Re6 {was called for.} 27. dxe5 Qe4 28. Rg3+ Kf7) 27. Qh6 $2 (27. dxe5 a5 28. h3 Ra6 29. Rg3+ Kf7) (27. h3 $18) 27... Qb1+ $1 $11 {[%emt 0:00:03] The position is equal.} (27... Qg6 $2 28. Rg3 $18) 28. Kf2 (28. Rf1 $5 Qg6 $8 29. Qh3 $11) 28... Qc2+ (28... Qxa2+ 29. Kg3) (28... Qg6 $2 29. Rg3 Kf7 30. Rxg6 hxg6 31. dxe5 $18) 29. Kg1 Qb1+ (29... Qxa2 $2 30. Qg7#) (29... Qg6 $2 30. Rg3 $18) 30. Kf2 {[%emt 0:00:05][%csl Gf6][%cal Rh6g7] Chess con chili.} (30. Rf1 $5 Qg6 $8 31. Qh3 $11) 30... Qc2+ (30... Qxa2+ {leads to mate.} 31. Kg3) (30... Qg6 $2 31. Rg3 Kf7 32. Rxg6 hxg6 33. dxe5 $18) 31. Kg1 Qb1+ {[%emt 0:00:01] Quite a comeback for White.   Weighted Error Value: White=0.40/Black=0.38} (31... Qxa2 $2 32. Qg7#) (31... Qg6 $2 32. Rg3 $18) 1/2-1/2

[Event "4th Tata Steel India Blitz Women 2022"]
[Site "Kolkota"]
[Date "2022.12.04"]
[Round "12.1"]
[White "Kulkarni Bhakti"]
[Black "Vaishali, Rameshbabu"]
[Result "0-1"]
[ECO "D00"]
[WhiteElo "2359"]
[BlackElo "2454"]
[Annotator "TA"]
[PlyCount "55"]
[EventDate "2022.11.29"]
[EventType "tourn"]
[EventCountry "IND"]
[SourceTitle "playchess.com"]
[Source "ChessBase"]
[SourceQuality "1"]
[TimeControl "180+2"]

1. d4 Nf6 2. Nf3 g6 3. Nc3 d5 4. Bf4 Bg7 5. Nb5 Na6 6. e3 {[%emt 0:00:02] D00: 1 d4 d5: Unusual lines.} O-O {[%emt 0:00:28] The main line 6...0-0 scores better than 6...c6.} 7. h3 Ne4 8. Nd2 {[%emt 0:00:03] The position is equal.} Nxd2 9. Qxd2 c6 10. Nc3 Nc7 11. Bd3 f6 12. h4 e5 {[%emt 0:00:02] [#] Against h5} 13. Bg3 $146 ({Predecessor:} 13. dxe5 fxe5 14. Bg5 Qd6 15. h5 Bf5 16. hxg6 hxg6 17. O-O-O Bxd3 18. cxd3 Ne6 19. Bh4 {1-0 (46) Vantika,A (2381)-Martin Carmona,G (2362) Chess.com INT 2021}) 13... Ne6 (13... e4 $11 14. Be2 h5) 14. h5 $14 e4 15. Be2 a5 16. hxg6 hxg6 17. f3 f5 18. fxe4 (18. O-O-O {seems wilder.} b5 19. Be5 Rf7 20. f4) 18... fxe4 19. Bh4 (19. O-O-O $14 {should be considered.}) 19... Qd6 $11 20. O-O-O b5 21. Rdf1 Bd7 22. Qe1 (22. Rxf8+ $11 {keeps the balance.} Rxf8 23. Bg4) 22... b4 $17 {[%emt 0:00:08] [#] ...Rxf1 is the strong threat.} 23. Nd1 c5 24. Bg3 Qe7 {[%emt 0:00:09] Threatens to win with ...Rxf1.} 25. Be5 cxd4 ({Black should try} 25... Rxf1 $17 26. Qxf1 cxd4 27. Bxg7 Kxg7) 26. exd4 $2 {[%emt 0:00:03] [#]} (26. Rxf8+ $11 {and White has nothing to worry.} Rxf8 27. Qg3) 26... Qg5+ $19 27. Kb1 Nxd4 {[%emt 0:00:03] Dancing on a razor blade. Active counter play!} 28. Nf2 $2 {[%emt 0:00:03] Weighted Error Value: White=0.30/Black=0.16 (very precise)} (28. Rxf8+ Rxf8 29. Bxg7 Kxg7 30. Ba6) 0-1

[Event "4th Tata Steel India Blitz Women 2022"]
[Site "Kolkota"]
[Date "2022.12.04"]
[Round "12.2"]
[White "Dzagnidze, Nana"]
[Black "Kiolbasa, Oliwia"]
[Result "1-0"]
[ECO "A13"]
[WhiteElo "2517"]
[BlackElo "2406"]
[Annotator "TA"]
[PlyCount "67"]
[EventDate "2022.11.29"]
[EventType "tourn"]
[EventCountry "IND"]
[SourceTitle "playchess.com"]
[Source "ChessBase"]
[SourceQuality "1"]
[TimeControl "180+2"]

1. c4 e6 2. Nf3 d5 3. b3 Nf6 4. Bb2 c5 5. cxd5 exd5 6. g3 {[%emt 0:00:09] A13: English Opening: 1...e6.} Nc6 7. Bg2 d4 8. O-O {[%emt 0:00:02] The position is equal.} Be7 9. Na3 O-O 10. e3 dxe3 11. dxe3 Bf5 12. Nc4 {[%emt 0:00:05] [#]} Qc7 $146 ({Predecessor:} 12... Be4 13. Nh4 Bxg2 14. Kxg2 b5 15. Qf3 Qc8 16. Nd2 Rd8 17. Rfd1 Qe6 18. Nf5 Ne5 19. Bxe5 Qxe5 {½-½ (43) Adhiban,B (2603)-Praggnanandhaa,R (2676) chess24.com INT 2022}) 13. Nfe5 Rfd8 (13... Rad8 $11 14. Qe2 Nxe5 15. Nxe5 a6) 14. Qe2 $16 Nb4 15. Rfd1 (15. e4 $16 Be6 16. a3) 15... Rxd1+ $14 16. Rxd1 Rd8 (16... Be6 $1 $14 {deserves consideration.}) 17. a3 (17. Rxd8+ $16 Qxd8 18. e4 (18. Bxb7 Nxa2 19. Nc6 Qc7 $16)) 17... Rxd1+ 18. Qxd1 Na6 19. g4 Be6 20. g5 {[%emt 0:00:08] Inhibits b5.} Ne8 21. h4 $36 {[%emt 0:00:41][%mdl 2048] White is pushing.} b5 22. Nd2 {[%emt 0:00:02] White is more active.} Bd6 23. f4 c4 24. bxc4 bxc4 {[%emt 0:00:01] [#]} 25. Qc2 {[%emt 0:00:02] Inhibits c3.} (25. Ndxc4 $1 $16 {[%mdl 512] Hoping for Qa4.} Bf8 26. Qa4) 25... Qa5 (25... Bc5 $14) 26. Nexc4 Qc5 (26... Bxc4 $16 27. Nxc4 Qe1+ 28. Bf1 Bc5) 27. Bd4 Qc7 28. Qc3 (28. Qa4 $18 {and White stays clearly on top.} Qc8 29. Bxa7) 28... Nc5 $2 {[%emt 0:00:03][%mdl 8192] A mistake that costs the game.} (28... Bf8 $16 29. Bf1 Nc5) 29. Nxd6 $18 Qxd6 30. Qxc5 Qd7 31. Ne4 Qa4 32. Kf2 Qb3 33. Qc6 {[%emt 0:00:04][%cal Rc6e8] [#]} Qa2+ 34. Kg3 {[%emt 0:00:01] Weighted Error Value: White=0.22 (precise) /Black=0.49} 1-0

[Event "4th Tata Steel India Blitz Women 2022"]
[Site "Kolkota"]
[Date "2022.12.04"]
[Round "12.3"]
[White "Harika, Dronavalli"]
[Black "Ushenina, Anna"]
[Result "1-0"]
[ECO "A13"]
[WhiteElo "2507"]
[BlackElo "2454"]
[Annotator "TA"]
[PlyCount "133"]
[EventDate "2022.11.29"]
[EventType "tourn"]
[EventCountry "IND"]
[SourceTitle "playchess.com"]
[Source "ChessBase"]
[SourceQuality "1"]
[TimeControl "180+2"]

1. c4 e6 2. g3 d5 3. Bg2 dxc4 4. Qa4+ c6 5. Qxc4 c5 6. Nf3 {[%emt 0:00:05] A13: English Opening: 1...e6.} Bd7 (6... Nc6 $11) 7. O-O {[%emt 0:00:09] White is more active.} Bc6 {[%emt 0:00:02] [#]} 8. Nc3 $146 {[%emt 0:00:02] White is slightly better.} ({Predecessor:} 8. b3 Nd7 9. Bb2 Ngf6 10. d3 Be7 11. Qc2 O-O 12. Nbd2 Rc8 13. Rac1 b6 14. Rfd1 {0-1 (43) Badelka,O (2399)-Ushenina,A (2416) Moscow 2019}) 8... Nd7 9. e4 Rc8 10. Qe2 Ngf6 11. d4 cxd4 12. Nxd4 Ne5 {[%emt 0:00:14] [#]} (12... Bb4 $16 {might work better.}) 13. Nxc6 (13. Rd1 $1 $18 {And now Nxc6 would win.} Qb6 14. Bf4) 13... Nxc6 14. Rd1 Nd4 15. Qf1 {[%emt 0:00:22] Hoping for Be3.} e5 16. Be3 Bc5 17. Bxd4 Bxd4 18. Nb5 {[%emt 0:00:01] Threatens to win with Nxd4.} O-O 19. Nxd4 exd4 20. e5 Ng4 21. Qe2 Qg5 (21... h5 $142) 22. Bh3 $2 {[%emt 0:00:20] [#]} (22. Bxb7 Rcd8 $16) ({Better is} 22. f4 $18 Qf5 23. Rxd4) 22... h5 $14 23. Bxg4 Qxg4 24. Qxg4 hxg4 25. Rxd4 {[%emt 0:00:04][%mdl 4096] Endgame KRR-KRR} Rc2 26. b3 Re8 27. Rxg4 Rxe5 28. Rf4 {[%emt 0:00:05] Prevents Rf5.} Ree2 (28... g5 $14 29. Rf3 g4) 29. Rd1 Re7 30. Ra4 a6 31. Rd3 g6 32. h4 Kg7 33. Rf3 Rb2 34. Kg2 Rc2 35. a3 Ra2 36. Ra5 Re6 37. b4 Rd6 38. Re5 Rf6 39. Rxf6 Kxf6 $16 {[%emt 0:00:00] KR-KR} 40. Re3 b6 41. g4 a5 42. bxa5 bxa5 43. Kg3 a4 44. f3 Kg7 45. Kf4 Rb2 $2 {[%emt 0:00:05][%mdl 8192] Loses the game.} (45... Ra1 $16) 46. Re4 $18 Rh2 47. Kg3 (47. Rxa4 Rxh4 48. Ra6 Rh8 $18) 47... Rh1 48. Rxa4 Rg1+ 49. Kf2 Rh1 50. g5 Ra1 51. Kg3 Ra2 52. Kf4 Rb2 53. Ke3 Rb3+ 54. Ke4 Rc3 55. f4 Rh3 56. Ra8 Rxh4 57. a4 Rh3 58. a5 Ra3 59. a6 Ra2 60. Kd5 (60. a7 Ra5 61. Kd4 Ra1 $16) 60... Re2 61. Kc5 ({Less strong is} 61. a7 Ra2 62. Ke5 Ra5+ 63. Ke4 Ra4+ 64. Ke5 Ra5+ 65. Kd4 Ra3 $18) 61... Re4 62. Rd8 Rxf4 63. a7 Ra4 64. a8=Q ({Not} 64. a8=B Ra5+ 65. Kd4 Rxg5 $14) 64... Rxa8 65. Rxa8 f5 66. gxf6+ Kxf6 67. Kd4 {[%emt 0:00:01] Weighted Error Value: White=0.16 (very precise) /Black=0.18 (very precise)} 1-0

[Event "4th Tata Steel India Blitz Women 2022"]
[Site "Kolkota"]
[Date "2022.12.04"]
[Round "12.4"]
[White "Koneru, Humpy"]
[Black "Muzychuk, Mariya"]
[Result "1-0"]
[ECO "D43"]
[WhiteElo "2574"]
[BlackElo "2528"]
[Annotator "TA"]
[PlyCount "43"]
[EventDate "2022.11.29"]
[EventType "tourn"]
[EventCountry "IND"]
[SourceTitle "playchess.com"]
[Source "ChessBase"]
[SourceQuality "1"]
[TimeControl "180+2"]

1. d4 Nf6 2. c4 e6 3. Nf3 d5 4. Nc3 c6 5. Bg5 h6 6. Bh4 dxc4 7. e4 g5 8. Bg3 b5 9. Be2 Bg7 {[%emt 0:00:07] [#] D43: Semi-Slav: 5 Bg5 h6.} 10. h3 $1 $146 {[%emt 0:00:30][%mdl 8] A relevant novelty.} ({Predecessor:} 10. O-O O-O 11. a4 b4 12. e5 Nh5 13. Ne4 c5 14. Rc1 Nxg3 15. hxg3 g4 16. Nf6+ Bxf6 17. exf6 {½-½ (41) Kozul,Z (2621)-Saric,I (2693) Vodice 2022}) 10... b4 {[%emt 0:00:21] Prevents e5.} (10... O-O $11) 11. e5 $1 $14 bxc3 {[%emt 0:00:29] White is slightly better.} 12. exf6 Bxf6 13. bxc3 (13. Bxc4 cxb2 14. Rb1 Qa5+ 15. Qd2 Qxd2+ 16. Kxd2 Nd7 $15) 13... Nd7 14. Bxc4 c5 $1 15. O-O cxd4 (15... O-O $14) 16. Nxd4 $16 {[%emt 0:00:17] [#] aiming for Bd6.} ({Don't play} 16. cxd4 $6 O-O $14) 16... O-O 17. Qf3 {[%emt 0:00:17] And now Rfd1 would win.} Nb6 18. Bd3 {[%emt 0:00:01] Strongly threatening Qe4. White is much more active. The black rooks are badly placed.} Bxd4 (18... Bg7 $16 {was worth a try.}) 19. cxd4 $40 {[%emt 0:00:05][%mdl 128] White attacks with force.} (19. Qe4 f5 20. Qxd4 Qxd4 21. cxd4 f4 $11) 19... Bd7 $2 {[%emt 0:00:03] [#]} (19... f5 {might work better.}) 20. Qh5 ({Not} 20. Bd6 Bb5 $18) 20... f5 $2 (20... Qf6 $18 21. Be5 Qe7 22. Qxh6 f6) 21. Qg6+ ({Weaker is} 21. Qxh6 Qf6 22. Qxf6 Rxf6 $18) 21... Kh8 22. Be5+ {[%emt 0:00:02] White took control after the opening.   Weighted Error Value: White=0.07 (flawless) /Black=0.79} 1-0